AoeStats
← BangAverage

Golden Pit

509935130Analyzed
1v1 RM · 3d ago on Sep 28, 2026· 42m 45s· 2 players
Game mode
Random Map
Map size
Tiny (2 player)
Population
200
Speed
Normal
Resources
Standard
Victory
Conquest
Starting age
Dark Age
Ending age
Imperial Age
RankedLock teamsTeams togetherTeam positionsShared explorationLock speedFull tech treeHidden civsTurbo modeCheats
Victory
Defeat
🇬🇧 Cumans · United Kingdom
472
+13
🇲🇽 Maya · Mexico
414
-13
Vaquero40
0:42 Loom
13:00 Feudal Age
15:09 Scale Mail Armor
16:32 Fletching
22:16 Castle Age
31:11 Double-Bit Axe
32:37 Wheelbarrow
34:30 Bow Saw
41:09 Imperial Age
39:07 Squires
42:20 Thumb Ring
BangAverage
11:58 Loom
14:05 Feudal Age
17:34 Double-Bit Axe
17:30 Horse Collar
25:31 Castle Age
25:00 Bloodlines
25:21 Forging
25:17 Scale Barding Armor
25:04 Fletching
28:39 Chain Barding Armor
30:15 Bow Saw
32:14 Padded Archer Armor
33:00 Bodkin Arrow
34:09 Town Watch
35:11 Masonry
36:45 Steppe Husbandry
37:32 Iron Casting
40:46 Wheelbarrow
40:14 Heavy Plow
40:09 Gold Mining
40:12 Stone Mining
41:09 Leather Archer Armor
44:25 Imperial Age
Connection lost

Rejoining the realm…

Still unreachable

The connection could not be restored.

Session expired

The server has moved on; the page needs a fresh start.